 Dungeon Crawl Stone Soup version 0.27.1-34-g3ba077fa99 (webtiles) character file.

Game seed: 12472395433688122500

71 Ijustatesigmund the Skirmisher (level 4, 0/29 HPs)
             Began as a Gargoyle Fighter on Jan 28, 2022.
             Slain by an orc wizard (1 damage)
             ... on level 3 of the Dungeon.
             The game lasted 00:02:01 (2421 turns).

Ijustatesigmund the Skirmisher (Gargoyle Fighter)   Turns: 2421, Time: 00:02:02

Health: 0/29       AC: 10    Str: 21    XL:     4   Next: 24%
Magic:  4/4        EV:  7    Int:  8    God:
Gold:   126        SH:  9    Dex:  9    Spells: 3/3 levels left

rFire    . . .     SeeInvis .   a - +0 flail
rCold    . . .     Faith    .   c - +0 kite shield
rNeg     + . .     Spirit   .   b - +0 scale mail
rPois    ∞         Reflect  .   (no helmet)
rElec    +         Harm     .   g - scarf {repulsion}
rCorr    .         Rampage  .   (no gloves)
Will     .....                  (no boots)
Stlth    ..........             (no amulet)
HPRegen  0.09/turn              (no ring)
MPRegen  0.09/turn              (no ring)

@: mighty, repel missiles
A: sickness immunity, AC +3, negative energy resistance 1, electricity
resistance, torment resistance 1, petrification resistance
a: no special abilities


You were on level 3 of the Dungeon.
You visited 1 branch of the dungeon, and saw 3 of its levels.

You collected 126 gold pieces.

Inventory:

Hand Weapons
 a - a +0 flail (weapon)
Armour
 b - a +0 scale mail (worn)
 c - a +0 kite shield (worn)
 g - a scarf of repulsion (worn)
Scrolls
 h - a scroll of amnesia {unknown}


   Skills:
 + Level 4.1 Fighting
 * Level 3.7 Maces & Flails
 - Level 3.2 Armour
 - Level 3.2 Shields


You had 3 spell levels left.
You didn't know any spells.
Your spell library contained the following spells:

 Spells                   Type           Power      Damage    Failure   Level
 Freeze                   Ice            0%         1d3       99%         1
 Frozen Ramparts          Ice            0%         1d2       100%        3
 Hailstorm                Conj/Ice       0%         3d3       100%        4


Dungeon Overview and Level Annotations

Branches:
Dungeon (3/15)

Altars:


Innate Abilities, Weirdness & Mutations

You are immune to sickness and miasma.
Your stone body is resilient. (AC +3)
You are immune to poison.
You resist negative energy. (rN+)
You are resistant to electric shocks. (rElec)
You are resistant to unholy torment.
You are immune to petrification.


Message History

A giant cockroach comes into view.
The orc priest hits you but does no damage.
The giant cockroach moves out of view.
It was a potion of curing.
You feel better.
You sock the orc!
You kill the orc!
The orc wizard gestures wildly while chanting.
The orc wizard flickers and vanishes!
Deactivating autopickup; reactivate with Ctrl-A.
The orc hits you with a +0 flail.
Your shield and scale mail prevent you from hitting the orc.
The orc hits you but does no damage.
You barely miss the orc. The orc closely misses you.
You miss something. Something hits you but does no damage.
You hit something. Something hits you but does no damage.
You hear some strange, mumbled words.
A magic dart appears from out of thin air!
The magic dart hits you.
* * * LOW HITPOINT WARNING * * *
You miss something. Something hits you but does no damage.
You closely miss something. Something hits you but does no damage.
You sock something!
You hear some strange, mumbled words.
A puff of flame appears from out of thin air!
The puff of flame hits you but does no damage.
Something hits you but does no damage.
You miss something. Something hits you.
* * * LOW HITPOINT WARNING * * *
Something burns you.
* * * LOW HITPOINT WARNING * * *
You closely miss something. Something hits you but does no damage.
You hear some strange, mumbled words.
A puff of flame appears from out of thin air!
The puff of flame misses you.
As you read the scroll labelled OBBONI WABAUZO, it crumbles to dust.
You feel aware of your surroundings.
You sensed 1 altar.
It was a scroll of magic mapping.
Something hits you.
* * * LOW HITPOINT WARNING * * *
Something burns you.
You die...

********#.#.......##.##
*,,,,,,............#,#
*,*****##.#........#,* *,*
#.#....(.?.#,* *,*
#,#........#,* *,*
#.##.##....#.# *,*
#............# *,*
*##..##)#..### *,*
#.**#@#..#**** *,*
#,**#{#....,,* *,*
#....o.#.###,******** *,*
#........#**,,>,,,,,*
*,********#..####...#*,******,**
*,,,,,,,,....,* *.>...,******,,*
********###.,,* *.##.#.,,,,,,,*,
#,,,* *,#*.#,****,,***
*,,,***,**,#,* *,****


You could see an orc.

Vanquished Creatures
  2 adders
  A worm (D:2)
  A dart slug (D:1)
  3 orcs (D:3)
  4 endoplasms
  A giant cockroach (D:2)
  3 goblins
  6 hobgoblins
  7 kobolds
  2 quokkas (D:1)
  3 ball pythons
  4 bats
  2 frilled lizards
  3 rats
42 creatures vanquished.

Notes
Turn   | Place    | Note
-------+----------+-------------------------------------------
     0 | D:1      | Ijustatesigmund the Gargoyle Fighter began the quest for
                  | the Orb.
     0 | D:1      | Reached XP level 1. HP: 14/14 MP: 1/1
   476 | D:1      | Reached XP level 2. HP: 19/19 MP: 2/2
  1231 | D:1      | Reached XP level 3. HP: 24/24 MP: 3/3
  1733 | D:2      | Reached skill level 4 in Fighting
  1948 | D:2      | Reached XP level 4. HP: 27/29 MP: 4/4
  2421 | D:3      | HP: 1/29 [something (4)]
  2421 | D:3      | Slain by an orc wizard

Illustrated notes

Levels and vault maps discovered:
D:1:      dpeg_arrival_refuge, layout_basic, serial_co_window_serial,
          co_window_cross_1, co_window_of_opportunity_a, co_window_paths_a,
          co_window_paths_b, co_window_paths_a, co_window_broadway_b,
          co_window_corner_cb, co_window_corner_ca, co_window_broadway_c,
          co_window_of_opportunity_c, co_window_broadway_c, co_window_paths_d,
          glass_columns_b, glass_columns_c, glass_columns_a, st_stairs_3,
          amcnicky_mini_corridor_feature
D:2:      layout_basic
D:3:      layout_loops_ring, shapermc_ecumenical_altar_petra,
          grunt_ministairs_15, kennysheep_generic_room_12

Skill      XL: |  1  2  3 |
---------------+----------+-----
Maces & Flails | 3 |  3.7
Fighting       | 4 |  4.1
Armour         | |  3.2
Shields        | |  3.2

Action                   |  1- 3 |  4- 6 || total
-------------------------+-------+-------++-------
Melee: Flail             |    85 |    40 ||   125
  Use: Potion            |       |     2 ||     2
       Scroll            |       |     1 ||     1
Armor: Scale mail        |    44 |    22 ||    66
Dodge: Dodged            |    28 |    13 ||    41
Block: Kite shield       |    50 |    20 ||    70
